 Dungeon Crawl Stone Soup version 0.30-a0-561-g1b0378597e (webtiles) character file.

Game seed: 10014466964248124260

562 M4edhros the Trooper (level 7, -3/50 HPs)
             Began as an Octopode Chaos Knight on Dec 28, 2022.
             Was a Plaything of Xom.
             Succumbed to a water moccasin's poison
             ... on level 7 of the Dungeon.
             The game lasted 00:07:44 (35296 turns).

M4edhros the Trooper (Octopode Chaos Knight)       Turns: 35296, Time: 00:07:44

Health: -3/50      AC:  1    Str:  7 (10) XL:     7   Next: 32%
Magic:  16/16      EV: 13    Int: 10      God:    Xom [..*...]
Gold:   179        SH:  0    Dex:  8 (11) Spells: 5/6 levels left

rFire   . . .      SeeInvis .    h - +3 mace
rCold   . . .      Faith    .    (no shield)
rNeg    . . .      Spirit   .    (helmet restricted)
rPois   .          Reflect  .    (no amulet)
rElec   .          Harm     .    g - ring of magical power
rCorr   .          Rampage  .    (no ring)
Will    .....                    (no ring)
Stlth   ++                       (no ring)
HPRegen 0.28/turn                (no ring)
MPRegen 0.15/turn                (no ring)
                                 (no ring)
                                 (no ring)

@: lethally poisoned (-3 -> -21), unable to drink
A: almost no armour, amphibious, 8 rings, camouflage 1, gelatinous body 1,
(nimble swimmer 1), tentacles, clumsy 1, dopey 2, sense surroundings 1, weak 1,
wild magic 1, inability to drink after injury 2, noise suppression
a: Renounce Religion


You were on level 7 of the Dungeon.
You worshipped Xom.
You were a toy of Xom.
You visited 1 branch of the dungeon, and saw 7 of its levels.

You collected 179 gold pieces.

Inventory:

Hand Weapons
 a - a +0 mace of chaos
 h - a +3 mace (weapon)
Missiles
 f - a curare-tipped dart
 n - 9 atropa-tipped darts
 t - 13 stones
Jewellery
 g - a ring of magical power (left tentacle)
 m - an amulet of reflection
Wands
 q - a wand of charming (2)
 s - a wand of digging (4)
Scrolls
 c - 2 scrolls of immolation
 d - 3 scrolls of teleportation
 e - 3 scrolls of fear
 k - a scroll of poison
Potions
 p - a potion of haste
Miscellaneous
 b - a piece from Xom's chessboard (15/15) (quivered)


   Skills:
 + Level 5.3 Fighting
 + Level 5.2 Maces & Flails
 + Level 4.9 Dodging


You had 5 spell levels left.
You knew the following spells:

 Your Spells              Type           Power      Damage    Failure   Level
a - Sandblast             Erth           0%         2d4       45%         1

Your spell library contained the following spells:

 Spells                   Type           Power      Damage    Failure   Level
 Passwall                 Tmut/Erth      0%         N/A       58%         2
 Stone Arrow              Conj/Erth      0%         3d7       82%         3


Dungeon Overview and Level Annotations

Branches:
Dungeon (7/15)
 Temple: D:4-7

Altars:
Vehumet
Xom

Shops:
D:7 *


Innate Abilities, Weirdness & Mutations

You cannot wear most types of armour.
You are amphibious.
You can wear up to eight rings at the same time.
Your skin changes colour to match your surroundings (Stealth+).
Your rubbery body absorbs attacks. (AC +1, EV +1)
((You are camouflaged when in or above water. (Stealth+)))
You have tentacles for arms and can constrict up to eight enemies at once.
You are clumsy. (Dex -2)
You are very dopey. (Int -4)
You passively map a small area around you.
You are weak. (Str -2)
Your spells are a little harder to cast, but a little more powerful.
You sometimes lose the ability to drink potions when taking damage.
You passively dampen the noise of your surroundings.


Message History

The adder dies!
Something bites your mana viper.
Your mana viper is poisoned.
Something poisons your mana viper!
Something closely misses your mana viper.
You feel your dexterity returning.
You feel sick.
Something bites your mana viper but does no damage. x2
Something misses your mana viper.
You sock the adder! Your grab misses the adder.
The adder is severely wounded.
You feel sick.
You miss the adder. Your grab misses the adder.
The adder is severely wounded.
You feel sick. The adder barely misses you. The water moccasin misses you.
The ball python bites your mana viper but does no damage.
The ball python grabs your mana viper.
The ball python constricts your mana viper.
The adder closely misses you.
Aiming: Charm
Press: ? - help, Shift-Dir - straight line, f - water moccasin
Aim: a water moccasin (moderately wounded, chance to affect: 49%)
The water moccasin resists with some effort.
You feel sick.
Your mana viper closely misses the water moccasin.
The water moccasin bites you!
You feel threatened and lose the ability to drink potions!
* * * LOW HITPOINT WARNING * * *
Xom is mildly amused.
You are more poisoned.
The water moccasin poisons you!
The ball python bites your mana viper but does no damage.
The ball python constricts your mana viper.
The adder misses you.
Aiming: Charm
Press: ? - help, Shift-Dir - straight line, f - water moccasin
Aim: a water moccasin (moderately wounded, chance to affect: 49%)
The water moccasin resists with some effort.
You die...
Xom chortles!

***,,,** *,,,,,>* *
*****,** **,,,,,,* *
*,,,,.####,,,,,,,* *
##+##,....#*,,,,,****
#...#*.##.#*,,,,,* *,
#.∩.##.##.#***,****#.
#S..#..##.# *** *#.[
*#S##.#*#<# *..,
#.S@.###.# *.##
###S.....#### ##...
##.####...####...#
#...###....##..#..
#.................
#...#####.##.#..#.
##### #.##......
#.##.#.#.. #.##......


You could see a water moccasin, an adder (ally target), a ball python and a
friendly mana viper (summoned, poisoned).

Vanquished Creatures
  A kobold brigand (D:7)
  A necrophage (D:5)
  A scorpion (D:4)
  An orc priest (D:3)
  A hound (D:6)
  An iguana (D:4)
  An orc wizard (D:3)
  A white imp (D:5)
  2 orcs (D:3)
  9 ball pythons
  6 endoplasms
  2 giant cockroaches (D:1)
  5 goblins
  4 hobgoblins
  4 jackals (D:1)
  2 quokkas (D:1)
  3 bats
  A frilled lizard (D:3)
  4 kobolds
  6 rats
56 creatures vanquished.

Vanquished Creatures (collateral kills)
  A black bear (D:5)
  A scorpion (D:5)
  A necrophage (D:6)
  An adder (D:7)
4 creatures vanquished.

Vanquished Creatures (others)
  A black bear (D:5)
  An adder (D:5)
2 creatures vanquished.

Grand Total: 62 creatures vanquished

Notes
Turn   | Place    | Note
-------+----------+-------------------------------------------
     0 | D:1      | M4edhros the Octopode Chaos Knight began the quest for the
                  | Orb.
     0 | D:1      | Reached XP level 1. HP: 16/16 MP: 1/1
   163 | D:1      | XOM: divination: detect creatures
   165 | D:1      | Reached XP level 2. HP: 16/21 MP: 2/2
   349 | D:1      | XOM: cast spell 'Olgreb's Toxic Radiance'
   358 | D:1      | Reached XP level 3. HP: 13/26 MP: 3/3
   558 | D:1      | Learned a level 1 spell: Sandblast
   677 | D:1      | Found a faded altar of an unknown god.
  1399 | D:1      | XOM: give mutations
  1399 | D:1      | Gained mutation: You are clumsy. (Dex -2) [Xom's mischief]
  1399 | D:1      | Gained mutation: You are somewhat resistant to further
                  | mutation. [Xom's mischief]
  1749 | D:1      | XOM: give mutation
  1749 | D:1      | Gained mutation: Your body sometimes deteriorates upon
                  | taking damage. [Xom's mischief]
  1801 | D:1      | XOM: cloud trail
  1813 | D:1      | XOM: stat loss: -1 Dex (10/11)
  2180 | D:1      | XOM is BORED!
  2208 | D:1      | XOM: silly message
  3444 | D:1      | XOM: god gift: 42 gold pieces
  3729 | D:1      | XOM: give mutations
  3729 | D:1      | Gained mutation: You passively map a small area around you.
                  | [Xom's grace]
  3729 | D:1      | Gained mutation: You are partially covered in iridescent
                  | scales. (AC +2) [Xom's grace]
  3729 | D:1      | Gained mutation: Your mind is acute. (Int +4, Str/Dex -1)
                  | [Xom's grace]
  3742 | D:1      | XOM: give mutation
  3742 | D:1      | Lost mutation: You are somewhat resistant to further
                  | mutation. [Xom's mischief]
  4231 | D:1      | XOM: 4-stop teleportation journey
  4783 | D:1      | XOM: 4-stop teleportation journey
  4990 | D:1      | Glimpsed the power of Zot.
  5011 | D:2      | XOM: scenery: summon butterflies
  5071 | D:3      | XOM: enchant monster (good)
  5077 | D:3      | Reached XP level 4. HP: 23/33 MP: 4/4
  5086 | D:3      | Lost mutation: Your body sometimes deteriorates upon taking
                  | damage. [potion of mutation]
  5086 | D:3      | Lost mutation: You are partially covered in iridescent
                  | scales. (AC +2) [potion of mutation]
  5086 | D:3      | Lost mutation: Your mind is acute. (Int +4, Str/Dex -1)
                  | [potion of mutation]
  5086 | D:3      | Gained mutation: Your flesh is cold resistant. (rC+)
                  | [potion of mutation]
  5086 | D:3      | Gained mutation: Your flesh is heat resistant. (rF+)
                  | [potion of mutation]
  5086 | D:3      | Gained mutation: One of your tentacles bears a spike.
                  | [potion of mutation]
  5375 | D:4      | XOM: torment (18/33 hp)
  5658 | D:4      | XOM: god gift: 6 atropa-tipped darts
  6768 | D:4      | XOM: 7-stop teleportation journey
  6848 | D:4      | Noticed a scorpion
  6853 | D:4      | Killed a scorpion
  6854 | D:4      | Reached XP level 5. HP: 19/37 MP: 5/5
  6860 | D:4      | XOM: smoke on damage
  7339 | D:4      | XOM: 2-stop teleportation journey
  7468 | D:5      | Entered Level 5 of the Dungeon
  7470 | D:5      | Noticed a black bear
  7784 | D:1      | XOM: god gift: blackened bronze wand {god gift}
  8257 | D:1      | XOM: give mutations
  8257 | D:1      | Gained mutation: Your mind is acute. (Int +4, Str/Dex -1)
                  | [Xom's grace]
  8257 | D:1      | Gained mutation: You have supernaturally acute eyesight.
                  | (SInv) [Xom's grace]
  8257 | D:1      | Lost mutation: You are clumsy. (Dex -2) [Xom's grace]
  8527 | D:1      | XOM: scenery: summon butterflies
  8854 | D:1      | XOM: cloud trail
  8885 | D:1      | XOM: god gift: scroll labelled VEW XAATAOC {god gift}
  9000 | D:1      | XOM: scenery: summon butterflies
  9038 | D:1      | XOM: cloud trail
  9252 | D:1      | XOM is BORED!
  9252 | D:1      | XOM: give mutations
  9252 | D:1      | Lost mutation: One of your tentacles bears a spike. [Xom's
                  | mischief]
  9252 | D:1      | Gained mutation: You are weak. (Str -2) [Xom's mischief]
  9252 | D:1      | Gained mutation: You are clumsy. (Dex -2) [Xom's mischief]
  9252 | D:1      | Lost mutation: You are clumsy. (Dex -2) [Xom's mischief]
  9797 | D:1      | XOM: cloud trail
  9974 | D:1      | XOM: god gift: scroll labelled VEW XAATAOC {god gift}
 10613 | D:1      | XOM: silly message
 12134 | D:1      | XOM: noise
 12467 | D:1      | XOM is BORED!
 13451 | D:1      | XOM: divination: detect creatures
 13466 | D:1      | XOM: noise
 14187 | D:1      | XOM: scenery: create altars
 14259 | D:1      | XOM is BORED!
 14259 | D:1      | XOM: give mutations
 14259 | D:1      | Gained mutation: Your body sometimes deteriorates upon
                  | taking damage. [Xom's mischief]
 14259 | D:1      | Lost mutation: Your body sometimes deteriorates upon taking
                  | damage. [Xom's mischief]
 14461 | D:1      | XOM: god gift: scroll labelled CIUMUO XOMPEUF {god gift}
 14657 | D:1      | XOM: cloud trail
 14711 | D:1      | XOM: give mutations
 14711 | D:1      | Gained mutation: You are partially covered in iridescent
                  | scales. (AC +2) [Xom's grace]
 14711 | D:1      | Gained mutation: Your spells are a little harder to cast,
                  | but a little more powerful. [Xom's grace]
 14815 | D:1      | XOM: god gift: wand of charming (7)
 16058 | D:1      | XOM is BORED!
 16058 | D:1      | XOM: give mutations
 16058 | D:1      | Lost mutation: Your mind is acute. (Int +4, Str/Dex -1)
                  | [Xom's mischief]
 16058 | D:1      | Gained mutation: You are frail. (-10% HP) [Xom's mischief]
 16284 | D:1      | XOM: give mutations
 16284 | D:1      | Lost mutation: Your spells are a little harder to cast, but
                  | a little more powerful. [Xom's mischief]
 16284 | D:1      | Lost mutation: You are partially covered in iridescent
                  | scales. (AC +2) [Xom's mischief]
 16284 | D:1      | Gained mutation: You are very frail. (-20% HP) [Xom's
                  | mischief]
 16284 | D:1      | Lost mutation: You are very frail. (-20% HP) [Xom's
                  | mischief]
 16787 | D:1      | XOM: stat loss: -1 Int (13/14)
 16906 | D:1      | XOM: summons 1 hostile shadow creature
 17402 | D:1      | XOM: give mutation
 17402 | D:1      | Lost mutation: Your flesh is heat resistant. (rF+) [Xom's
                  | mischief]
 17462 | D:1      | XOM: silly message
 17651 | D:1      | XOM: silly message
 17756 | D:1      | XOM: silly message
 17831 | D:1      | XOM: silly message
 17966 | D:1      | XOM: divination: magic mapping
 18042 | D:1      | XOM is BORED!
 18042 | D:1      | XOM: silly message
 18130 | D:1      | XOM: silly message
 18322 | D:1      | XOM: 1-stop teleportation journey
 18540 | D:1      | XOM: god gift: wand of digging (4)
 18952 | D:1      | XOM: divination: magic mapping
 19469 | D:1      | XOM: give mutations
 19469 | D:1      | Gained mutation: You expend magic power (3 MP) to
                  | strengthen your wands. [Xom's grace]
 19469 | D:1      | Lost mutation: You are weak. (Str -2) [Xom's grace]
 20165 | D:1      | XOM is BORED!
 20165 | D:1      | XOM: give mutations
 20165 | D:1      | Gained mutation: You occasionally lose the ability to read
                  | scrolls when taking damage. [Xom's mischief]
 20165 | D:1      | Lost mutation: You occasionally lose the ability to read
                  | scrolls when taking damage. [Xom's mischief]
 21007 | D:1      | XOM: stat loss: -1 Str (11/12)
 21264 | D:1      | XOM: silly message
 21699 | D:1      | XOM: cloud trail
 21810 | D:1      | XOM: silly message
 22130 | D:1      | XOM: god gift: 7 stones
 22404 | D:1      | XOM: god gift: scroll labelled QIUROO JOITU {god gift}
 23138 | D:1      | XOM: give mutations
 23138 | D:1      | Gained mutation: Your spells are a little harder to cast,
                  | but a little more powerful. [Xom's grace]
 23138 | D:1      | Gained mutation: You have hidden genetic potential. [Xom's
                  | grace]
 23138 | D:1      | Gained mutation: You passively dampen the noise of your
                  | surroundings. [Xom's grace]
 23138 | D:1      | Gained mutation: One of your tentacles bears a spike.
                  | [Xom's grace]
 23319 | D:1      | XOM: god gift: smoky puce potion {god gift}
 23750 | D:1      | XOM: stat loss: -1 Int (12/14)
 24800 | D:1      | XOM: scenery: create altars
 25132 | D:1      | XOM: scenery: create altars
 25201 | D:1      | XOM is BORED!
 25363 | D:1      | XOM: god gift: 3 atropa-tipped darts
 26557 | D:1      | XOM: give mutations
 26557 | D:1      | Lost mutation: You have hidden genetic potential. [Xom's
                  | mischief]
 26557 | D:1      | Gained mutation: Your body sometimes deteriorates upon
                  | taking damage. [Xom's mischief]
 26557 | D:1      | Lost mutation: You expend magic power (3 MP) to strengthen
                  | your wands. [Xom's mischief]
 27012 | D:1      | XOM: give mutations
 27012 | D:1      | Lost mutation: Your flesh is cold resistant. (rC+) [Xom's
                  | mischief]
 27012 | D:1      | Lost mutation: You have supernaturally acute eyesight.
                  | (SInv) [Xom's mischief]
 27012 | D:1      | Gained mutation: You are clumsy. (Dex -2) [Xom's mischief]
 27012 | D:1      | Gained mutation: You are dopey. (Int -2) [Xom's mischief]
 27093 | D:1      | XOM: god gift: staff of conjuration
 27480 | D:1      | XOM is BORED!
 27932 | D:1      | XOM: give mutation
 27932 | D:1      | Gained mutation: You are very dopey. (Int -4) [Xom's
                  | mischief]
 28150 | D:1      | XOM: give mutations
 28150 | D:1      | Gained mutation: You are weak. (Str -2) [Xom's mischief]
 28150 | D:1      | Gained mutation: You occasionally lose the ability to drink
                  | potions when taking damage. [Xom's mischief]
 28757 | D:1      | XOM is BORED!
 28811 | D:1      | XOM: divination: detect items
 28982 | D:1      | Glimpsed the power of Zot.
 29025 | D:5      | Noticed a black bear
 29030 | D:5      | XOM: cast spell 'Leda's Liquefaction'
 29037 | D:5      | Reached XP level 6. HP: 15/39 MP: 6/6
 29038 | D:5      | Killed a black bear
 29232 | D:1      | XOM: silly message
 29357 | D:1      | XOM: noise
 29546 | D:1      | XOM: torment (21/40 hp)
 29675 | D:1      | XOM: summons 4 hostile shadow creatures
 30086 | D:1      | XOM: torment (21/40 hp)
 30600 | D:1      | XOM: give mutations
 30600 | D:1      | Gained mutation: You sometimes lose the ability to drink
                  | potions when taking damage. [Xom's mischief]
 30600 | D:1      | Lost mutation: You are frail. (-10% HP) [Xom's mischief]
 30600 | D:1      | Lost mutation: Your body sometimes deteriorates upon taking
                  | damage. [Xom's mischief]
 30600 | D:1      | Lost mutation: One of your tentacles bears a spike. [Xom's
                  | mischief]
 30757 | D:1      | XOM is BORED!
 30879 | D:1      | XOM: noise
 31023 | D:1      | XOM: divination: detect items
 32360 | D:1      | XOM: divination: detect items
 32439 | D:1      | XOM: noise
 33025 | D:1      | XOM: silly message
 33163 | D:1      | XOM: silly message
 33608 | D:1      | XOM: noise
 33905 | D:1      | XOM: noise
 34142 | D:1      | XOM: silly message
 34973 | D:1      | Glimpsed the power of Zot.
 35035 | D:6      | Noticed a sky beast
 35042 | D:6      | Reached skill level 5 in Fighting
 35042 | D:6      | Reached skill level 5 in Maces & Flails
 35062 | D:6      | Reached XP level 7. HP: 8/50 MP: 7/7
 35214 | D:7      | Found a radiant altar of Vehumet.
 35284 | D:7      | Found Vaozicweff's Serpentskin Sales.
 35289 | D:7      | XOM: cast spell 'Summon Mana Viper'
 35295 | D:7      | HP: 1/50 [water moccasin (9)]
 35296 | D:7      | Succumbed to a water moccasin's poison

Illustrated notes

Levels and vault maps discovered:
D:1:      ebering_trefoil_3fold, layout_basic, ebering_ecumenical_altar_box
D:2:      layout_rooms, basic_altar
D:3:      layout_loops_cross, minivault_24, amcnicky_mini_rare_corridor_liquid,
          minmay_goblin_outpost
D:4:      minmay_thinvault, layout_loops_corners, mainiacjoe_overflow_two_lobes
D:5:      layout_cave_pools, mainiacjoe_overflow_alcove_1,
          minmay_temple_entry_large_hall, enter_ossuary_3, uniq_grinder
D:6:      layout_basic
D:7:      nzn_winding_woodlands_small [nzn_winding_woodlands_5x15_crooked,
          nzn_winding_woodlands_center_garden,
          nzn_winding_woodlands_5x15_lazy_stream], layout_loops_cross,
          nicolae_vehumet_radiance, enter_bailey_2, guppyfry_shop_venom

Skill      XL: |  1  2  3  4  5  6 |
---------------+-------------------+-----
Dodging        | 3 4 |  4.9
Fighting       | 4 5 |  5.3
Maces & Flails | 4 5 |  5.2

Action                   |  1- 3 |  4- 6 |  7- 9 || total
-------------------------+-------+-------+-------++-------
Melee: Mace              |    55 |    52 |    15 ||   122
       Constrict         |     9 |    11 |     3 ||    23
       Tentacles         |     4 |     8 |     3 ||    15
       Kick              |       |    12 |       ||    12
Evoke: Wand              |       |     9 |     2 ||    11
  Use: Potion            |       |     5 |       ||     5
       Scroll            |       |       |     9 ||     9
 Stab: Sleeping          |     4 |     5 |       ||     9
       Paralysed         |     2 |       |       ||     2
Armor: Skin              |    12 |     6 |     2 ||    20
Dodge: Dodged            |    38 |    48 |    14 ||   100

Table legend: (Time is in decaauts)
 A = Elapsed time spent in this place.
 B = Non-inter-level travel time spent in this place.
 C = Inter-level travel time spent in this place.
 D = Time resting spent in this place.
 E = Time spent auto-exploring this place.
 F = Levels seen in this place.
 G = Mean time per level.
                   A        B        C        D        E       F      G
               +--------+--------+--------+--------+--------+-----+--------+
         Total |  35329 |  35015 |    314 |  33459 |   1017 |   7 | 5047.0 |
       Dungeon |  35329 |  35015 |    314 |  33459 |   1017 |   7 | 5047.0 |
               +--------+--------+--------+--------+--------+-----+--------+

Top non-repeatable levels by time:
     D:1: 32320 daAuts
     D:4: 2340 daAuts
     D:7: 234 daAuts
     D:3: 200 daAuts
     D:5: 101 daAuts
     D:2: 87 daAuts
     D:6: 43 daAuts
